 Dungeon Crawl Stone Soup version 0.29-a0-275-g389c0b56f3 (webtiles) character file.

Game seed: 9938661587168437942

1255 spaghetti the Caller (level 8, 0/51 HPs)
             Began as an Octopode Chaos Knight on Mar 11, 2022.
             Was a Plaything of Xom.
             Slain by a sky beast (5 damage)
             ... on level 6 of the Dungeon.
             The game lasted 00:10:06 (5233 turns).

spaghetti the Caller (Octopode Chaos Knight)        Turns: 5233, Time: 00:10:07

Health: 0/51       AC:  3    Str: 13    XL:     8   Next: 51%
Magic:  12/17      EV: 13    Int: 17    God:    Xom [....*.]
Gold:   230        SH:  8    Dex: 13    Spells: 4/7 levels left

rFire   . . .      SeeInvis .   a - +0 mace (chaos) {mace}
rCold   . . .      Faith    .   h - +0 buckler
rNeg    + . .      Spirit   .   (helmet restricted)
rPois   .          Reflect  +   m - amulet of reflection
rElec   .          Harm     .   o - ring of positive energy
rCorr   .          Rampage  .   r - ring of magical power
Will    .....      Clarity  +   (no ring)
Stlth   ++........              (no ring)
HPRegen 0.17/turn               (no ring)
MPRegen 0.15/turn               (no ring)
                                (no ring)
                                (no ring)

@: unable to read
A: almost no armour, amphibious, 8 rings, camouflage 1, gelatinous body 1,
(nimble swimmer 1), tentacles, iridescent scales 1, clarity, clever 1, frail 1,
screaming 1, strong 1, wild magic 2, inability to read while threatened,
MP-powered wands
a: Renounce Religion


You were on level 6 of the Dungeon.
You worshipped Xom.
You were a beloved toy of Xom.
You visited 2 branches of the dungeon, and saw 7 of its levels.

You collected 230 gold pieces.


Innate Abilities, Weirdness & Mutations

You cannot wear most types of armour.
You are amphibious.
You can wear up to eight rings at the same time.
Your skin changes colour to match your surroundings (Stealth+).
Your rubbery body absorbs attacks. (AC +1, EV +1)
((You are camouflaged when in or above water. (Stealth+)))
You have tentacles for arms and can constrict up to eight enemies at once.
You are partially covered in iridescent scales. (AC +2)
You possess an exceptional clarity of mind.
Your mind is acute. (Int +2)
You are frail. (-10% HP)
You occasionally shout uncontrollably at your foes.
Your muscles are strong. (Str +2)
Your spells are harder to cast, but more powerful.
You sometimes lose the ability to read scrolls when taking damage.
You expend magic power (3 MP) to strengthen your wands.


   Skills:
 - Level 6.0 Fighting
 - Level 3.0 Maces & Flails
 - Level 2.3 Dodging
 - Level 4.0 Conjurations
 + Level 7.2 Summonings


You had 4 spell levels left.
You knew the following spells:

 Your Spells              Type           Power      Damage    Failure   Level
a - Call Canine Familiar  Summ           39%        N/A       12%         3

Your spell library contained the following spells:

 Spells                   Type           Power      Damage    Failure   Level
 Summon Guardian Golem    Hex/Summ       19%        N/A       38%         3
 Ensorcelled Hibernation  Hex/Ice        0%         N/A       61%         2
 Passwall                 Tmut/Erth      0%         N/A       61%         2
 Confusing Touch          Hex            0%         N/A       82%         3
 Portal Projectile        Hex/Tloc       0%         N/A       82%         3
 Swiftness                Air            0%         N/A       82%         3
 Leda's Liquefaction      Hex/Erth       0%         N/A       99%         4
 Yara's Violent Unravell  Hex/Tmut       0%         3d3       100%        5
 Enfeeble                 Hex            0%         N/A       100%        7
 Orb of Destruction       Conj           11%        9d6       100%        7
 Spellforged Servitor     Conj/Summ      15%        N/A       100%        7

Inventory:

Hand Weapons
 a - a +0 mace of chaos (weapon) {mace}
Missiles
 c - a javelin (quivered) {throwing}
 f - 135 stones {throwing}
 j - 9 boomerangs {throwing}
Armour
 h - a +0 buckler (worn)
   (You found it on level 1 of the Dungeon)
Jewellery
 m - an amulet of reflection (around mantle)
   (You found it on level 4 of the Dungeon)
 o - a ring of positive energy (left tentacle)
   (You found it on level 5 of the Dungeon)
 r - a ring of magical power (right tentacle)
   (You found it on level 6 of the Dungeon)
Wands
 i - a wand of iceblast (1)
   (You took it off Ijyb on level 3 of the Dungeon)
 k - a wand of mindburst (13)
   (You found it on level 3 of the Dungeon)
 q - a wand of paralysis (6)
   (You found it on level 5 of the Dungeon)
Scrolls
 d - 4 scrolls of fog
 l - a scroll of identify {@r1}
Potions
 n - 2 potions of lignification {!q}
 p - a potion of invisibility {unknown}
Miscellaneous
 b - a piece from Xom's chessboard (15/15)
 s - a lightning rod (1/4)
   (Xom gifted it to you on level 6 of the Dungeon)

Dungeon Overview and Level Annotations

Branches:
Dungeon (6/15)             Temple (1/1) D:4

Altars:
Ashenzari
Cheibriados
Dithmenos
Fedhas
Gozag
Hepliaklqana
Kikubaaqudgha
Makhleb
Ru
Vehumet
Wu Jian
Xom
Yredelemnul
The Shining One

#....########..
#..............
##............. ∆
. ##......†....).
(.
##..............
(..
##...###.........
....#####..###
###.....##
......#{..##
#....## ∆
.....)☼○@##
##...# ###....h##
#...## ##.zz.#
##..## #....#
##..## #....#
##..## #.....#
##..##
#...#...#####..##
#...####..##...##
...# #.....##


You could see a hound and 2 wights.


Message History

The killer bee attacks as you move away!
The killer bee stings you!
You are more poisoned.
The killer bee poisons you!
You feel very sick. The killer bee barely misses you.
The hound misses you. 😮 HP[-13]
You take 13 damage, and now have 31/51 hp.
MASSIVE DAMAGE!! (PAUSE) Unknown command.
Aiming: Paralyse
Press: ? - help, Shift-Dir - straight line, f - killer bee
Aim: a killer bee (magical condensation, chance to affect: 62%)
You feel a surge of power!
The killer bee suddenly stops moving!
You feel very sick.
The sky beast flickers out of sight!
Deactivating autopickup; reactivate with Ctrl-A.
The hound closely misses you. 😮 HP[-4] MP[-3]
You take 4 damage, and now have 27/51 hp.
You lost 3 mp, and now have 14/17 mp.
Aiming: Paralyse
Press: ? - help, Shift-Dir - straight line, f - water moccasin, p - killer bee
Aim: a water moccasin (chance to affect: 52%)
You feel a surge of power!
The water moccasin suddenly stops moving!
You feel very sick. The hound completely misses you.
The hound closely misses you. 😨 HP[-2] MP[-3]
You take 2 damage, and now have 25/51 hp.
You lost 3 mp, and now have 11/17 mp.
The helpless water moccasin fails to defend itself.
You sock the water moccasin!
Lightning courses through the water moccasin!
You grab the water moccasin. You squeeze the water moccasin.
You kill the water moccasin!
You feel very sick. You block the hound's attack.
A wight comes into view.
It is wielding a +1 trident of freezing.
You block the hound's attack.
A wight comes into view. It is wielding a +0 halberd.
Your Summonings skill increases to level 7! 😨 HP[-3]
You take 3 damage, and now have 22/51 hp.
The helpless killer bee fails to defend itself.
You hit the killer bee. You grab the killer bee. You constrict the killer bee.
You feel sick. The hound closely misses you. You block something's attack.
You block the hound's attack. 😨 HP[-2]
You take 2 damage, and now have 20/51 hp.
The helpless killer bee fails to defend itself.
You hit the killer bee. You burn the killer bee. You constrict the killer bee.
You feel sick. The hound bites you but does no damage.
Something hits you but does no damage. The hound bites you.
You feel threatened and lose the ability to read scrolls!
* * * LOW HITPOINT WARNING * * *
😨 HP[-6]
You take 6 damage, and now have 14/51 hp.
The helpless killer bee fails to defend itself.
You hit the killer bee. You squeeze the killer bee!
You kill the killer bee!
You feel sick. "See what I see, my child!"
You detect items!
The hound bites you but does no damage. Something barely misses you.
The hound misses you. Something hits you.
* * * LOW HITPOINT WARNING * * *
Something shocks you.
* * * LOW HITPOINT WARNING * * *
😱 HP[-9] MP[+1]
You take 9 damage, and now have 5/51 hp.
You cannot read scrolls in your current state!
Unknown command.
You feel much better.
You feel sick. The hound closely misses you. You block something's attack.
The wight hits you from afar with a +1 trident of freezing!
* * * LOW HITPOINT WARNING * * *
The wight freezes you.
* * * LOW HITPOINT WARNING * * *
😨 HP[+10]
You regained 10 hp, and now have 15/51 hp.
Unknown command.
You feel much better.
You feel sick. The hound barely misses you. x2
The wight hits you from afar with a +1 trident of freezing!
* * * LOW HITPOINT WARNING * * *
The wight freezes you.
* * * LOW HITPOINT WARNING * * *
Something hits you.
* * * LOW HITPOINT WARNING * * *
Something shocks you.
* * * LOW HITPOINT WARNING * * *
😱 HP[-9]
You take 9 damage, and now have 6/51 hp.
Unknown command.
You feel better. The hound bites you.
* * * LOW HITPOINT WARNING * * *
Something hits you.
* * * LOW HITPOINT WARNING * * *
Something shocks you.
You die...
Xom chortles!

Skill      XL: |  1  2  3  4  5  6  7  8 |
---------------+-------------------------+-----
Fighting       | 4 5 6 |  6.0
Conjurations   | 2 4 |  4.0
Summonings     | 3 5 7 |  7.2
Maces & Flails | |  3.0
Dodging        | |  2.3

Action                   |  1- 3 |  4- 6 |  7- 9 || total
-------------------------+-------+-------+-------++-------
Melee: Mace              |    46 |    91 |    26 ||   163
       Constrict         |    15 |    22 |     8 ||    45
       Tentacles         |    10 |    21 |     7 ||    38
Throw: Javelin           |    22 |    40 |    21 ||    83
       Stone             |       |     6 |     2 ||     8
Evoke: Piece from Xom's  |     1 |       |       ||     1
       Wand              |       |     4 |     2 ||     6
       Lightning rod     |       |       |     3 ||     3
  Use: Scroll            |     3 |     1 |     1 ||     5
       Potion            |     1 |     3 |     5 ||     9
 Stab: Sleeping          |     1 |     4 |       ||     5
       Petrified         |       |     2 |       ||     2
       Paralysed         |       |       |     4 ||     4
Armor: Skin              |     6 |    88 |     8 ||   102
Dodge: Dodged            |    45 |    45 |    29 ||   119
Block: Buckler           |     6 |    25 |    16 ||    47

Levels and vault maps discovered:
D:1:      eino_arrival_water_star, layout_basic, chequers_ecumenical_altar_lobes
D:2:      layout_basic
D:3:      layout_basic, uniq_ijyb
D:4:      layout_cave_pools, minmay_temple_entry_nine_rooms
D:5:      layout_basic, uniq_sigmund
D:6:      layout_layer_cave, minmay_misc_feat_enclosed, st_stairs_10
Temple:   nicolae_temple_figure_eight

Notes
Turn   | Place    | Note
-------+----------+-------------------------------------------
     0 | D:1      | spaghetti the Octopode Chaos Knight began the quest for the
                  | Orb.
     0 | D:1      | Reached XP level 1. HP: 16/16 MP: 1/1
     0 | D:1      | magus.rc [v1.9.6]
    53 | D:1      | You pick up a book of Burglary and begin reading...
    53 | D:1      | You add the spells Passwall, Ensorcelled Hibernation and
                  | Swiftness to your library.
    72 | D:1      | Reached XP level 2. HP: 20/21 MP: 2/2
   175 | D:1      | XOM: silly message
   270 | D:1      | XOM: silly message
   414 | D:1      | Found a faded altar of an unknown god.
   461 | D:1      | Reached skill level 4 in Fighting
   464 | D:1      | Reached XP level 3. HP: 19/27 MP: 3/3
  1044 | D:2      | XOM: divination: detect creatures
  1078 | D:2      | You pick up a book of Misfortune and begin reading...
  1078 | D:2      | You add the spells Confusing Touch, Yara's Violent
                  | Unravelling and Enfeeble to your library.
  1263 | D:2      | Reached XP level 4. HP: 32/34 MP: 4/4
  1447 | D:2      | Reached skill level 5 in Fighting
  1472 | D:2      | XOM: 1-stop teleportation journey
  1719 | D:2      | XOM: enchant monster (good)
  1721 | D:2      | XOM: polymorph dart slug -> ball python
  1867 | D:3      | XOM: scenery: create altars
  2027 | D:3      | Noticed Ijyb
  2045 | D:3      | Killed Ijyb
  2046 | D:3      | Reached XP level 5. HP: 36/39 MP: 5/5
  2333 | D:3      | XOM: scenery: summon butterflies
  2386 | D:3      | You pick up a book of Dangerous Friends and begin
                  | reading...
  2386 | D:3      | You add the spells Summon Guardian Golem, Orb of
                  | Destruction and Spellforged Servitor to your library.
  2795 | D:4      | Reached skill level 1 in Conjurations
  2884 | D:4      | Reached skill level 6 in Fighting
  3049 | D:4      | Reached skill level 2 in Conjurations
  3049 | D:4      | Reached XP level 6. HP: 39/46 MP: 6/6
  3138 | D:4      | Reached skill level 3 in Conjurations
  3164 | D:4      | XOM: give mutation
  3164 | D:4      | Gained mutation: You are frail. (-10% HP) [Xom's mischief]
  3348 | D:4      | XOM: 1-stop teleportation journey
  3522 | D:4      | You pick up a book of the Hunter and begin reading...
  3522 | D:4      | You add the spells Call Canine Familiar, Portal Projectile
                  | and Leda's Liquefaction to your library.
  3564 | D:4      | Found a staircase to the Ecumenical Temple.
  3594 | Temple   | Entered the Ecumenical Temple
  3887 | D:4      | XOM: give mutations
  3887 | D:4      | Gained mutation: You possess an exceptional clarity of
                  | mind. [Xom's mischief]
  3887 | D:4      | Gained mutation: You occasionally shout uncontrollably at
                  | your foes. [Xom's mischief]
  3887 | D:4      | Gained mutation: You sometimes lose the ability to read
                  | scrolls when taking damage. [Xom's mischief]
  3887 | D:4      | Gained mutation: Your muscles are strong. (Str +2) [Xom's
                  | mischief]
  3895 | D:5      | Entered Level 5 of the Dungeon
  3923 | D:5      | XOM: give mutations
  3923 | D:5      | Gained mutation: Your spells are a little harder to cast,
                  | but a little more powerful. [Xom's grace]
  3923 | D:5      | Gained mutation: Your spells are harder to cast, but more
                  | powerful. [Xom's grace]
  3923 | D:5      | Gained mutation: You are partially covered in iridescent
                  | scales. (AC +2) [Xom's grace]
  4019 | D:5      | Reached skill level 4 in Conjurations
  4023 | D:5      | Learned a level 3 spell: Call Canine Familiar
  4036 | D:5      | Reached skill level 1 in Summonings
  4075 | D:5      | Noticed Sigmund
  4079 | D:5      | XOM: scenery: create altars
  4082 | D:5      | Killed Sigmund
  4083 | D:5      | Reached skill level 3 in Summonings
  4083 | D:5      | Reached XP level 7. HP: 46/46 MP: 3/7
  4388 | D:5      | Reached skill level 4 in Summonings
  4783 | D:6      | XOM: summons friendly chaos spawn
  4802 | D:6      | Reached skill level 5 in Summonings
  4806 | D:6      | HP: 11/46 [wight/+0 short sword (8)]
  4808 | D:6      | Reached XP level 8. HP: 10/51 MP: 8/8
  4854 | D:6      | XOM: give mutations
  4854 | D:6      | Gained mutation: You expend magic power (3 MP) to
                  | strengthen your wands. [Xom's grace]
  4854 | D:6      | Gained mutation: Your mind is acute. (Int +2) [Xom's grace]
  5062 | D:6      | XOM: god gift: lightning rod (4/4)
  5219 | D:6      | XOM: smoke on damage
  5222 | D:6      | Reached skill level 6 in Summonings
  5228 | D:6      | Reached skill level 7 in Summonings
  5230 | D:6      | XOM: divination: detect items
  5230 | D:6      | HP: 11/51 [something (2)]
  5230 | D:6      | HP: 5/51 [something (6)]
  5233 | D:6      | Slain by a sky beast

Vanquished Creatures
  Sigmund (D:5)
  A water moccasin (D:6)
  An ogre (D:6)
  A necrophage (D:6)
  A scorpion (D:4)
  A wight (D:6)
  3 killer bees (D:6)
  A howler monkey (D:5)
  A jelly (D:5)
  A hound (D:4)
  2 orc priests
  2 iguanas (D:5)
  An orc wizard (D:4)
  Ijyb (D:3)
  6 adders
  2 shadow imps (D:5)
  An ufetubus (D:5)
  2 worms
  4 dart slugs
  13 orcs
  10 ball pythons
  4 bats
  8 endoplasms
  5 giant cockroaches
  4 goblins
  4 hobgoblins
  12 jackals
  3 quokkas
  4 frilled lizards
  7 kobolds
  8 rats
115 creatures vanquished.

Vanquished Creatures (collateral kills)
  A wight (D:6)
  2 orc priests (D:6)
  A dart slug (D:1)
  An orc (D:6)
  A jackal (D:1)
6 creatures vanquished.

Vanquished Creatures (others)
  A plant (D:1)
1 creature vanquished.

Grand Total: 122 creatures vanquished

Table legend:
 A = Non-vault XP
 B = Vault XP
 C = Vault XP percentage of total XP
 D = Non-vault monster count
 E = Vault monster count
 F = Vault count percentage of total count
                 A         B        C        D         E       F
            +---------+---------+-------+---------+---------+-------
      Total |    1517 |     277 |  15.4 |     119 |       2 |   1.7
            +---------+---------+-------+---------+---------+-------
        D:1 |      61 |       0 |   0.0 |      31 |       0 |   0.0
        D:2 |      51 |       0 |   0.0 |      16 |       0 |   0.0
        D:3 |      40 |      35 |  46.7 |      19 |       1 |   5.0
        D:4 |     263 |       0 |   0.0 |      26 |       0 |   0.0
        D:5 |     285 |     242 |  45.9 |      13 |       1 |   7.1
        D:6 |     817 |       0 |   0.0 |      14 |       0 |   0.0
            +---------+---------+-------+---------+---------+-------

Illustrated notes

Table legend:
 A = Kills in this place as a percentage of kills in entire the game.
 B = Kills by you in this place as a percentage of kills by you in the entire game.
 C = Kills by friends in this place as a percentage of kills by friends in the entire game.
 D = Other kills in this place as a percentage of other kills in the entire game.
 E = Experience gained in this place as a percentage of experience gained in the entire game.
 F = Experience gained in this place divided by the number of levels of this place that you have seen.
                   A       B       C       D       E      F
               +-------+-------+-------+-------+-------+----------------------
         Total | 100.0 | 100.0 | 100.0 |   N/A | 100.0 | 256.3
       Dungeon | 100.0 | 100.0 | 100.0 |   N/A | 100.0 | 299.0
               +-------+-------+-------+-------+-------+----------------------

Table legend: (Time is in decaauts)
 A = Elapsed time spent in this place.
 B = Non-inter-level travel time spent in this place.
 C = Inter-level travel time spent in this place.
 D = Time resting spent in this place.
 E = Time spent auto-exploring this place.
 F = Levels seen in this place.
 G = Mean time per level.
                   A        B        C        D        E       F      G
               +--------+--------+--------+--------+--------+-----+--------+
         Total |   5325 |   5164 |    161 |    575 |   3829 |   7 |  760.7 |
       Dungeon |   5106 |   4957 |    149 |    575 |   3627 |   6 |  851.0 |
        Temple |    218 |    206 |     12 |      0 |    202 |   1 |  218.0 |
               +--------+--------+--------+--------+--------+-----+--------+

Top non-repeatable levels by time:
     D:3: 1050 daAuts
     D:1: 971 daAuts
     D:2: 861 daAuts
     D:4: 857 daAuts
     D:5: 831 daAuts
     D:6: 534 daAuts
  Temple: 218 daAuts
